 Dungeon Crawl Stone Soup version 0.19-a0-1714-gcab94ab (webtiles) character file.

3141 Eucla the Spear-Bearer (level 9, -2/71 HPs)
             Began as a Centaur Air Elementalist on Sept 28, 2016.
             Slain by a gnoll
             ... wielding a +0 spear
              (7 damage)
             ... on level 7 of the Dungeon.
             The game lasted 00:13:27 (9553 turns).

Eucla the Spear-Bearer (Centaur Air Elementalist)   Turns: 9553, Time: 00:13:28

Health: -2/71      AC:  8    Str: 11    XL:     9   Next: 61%
Magic:  11/11      EV: 10    Int: 14    God:
Gold:   254        SH:  2    Dex: 11    Spells: 1 memorised, 10 levels left

rFire  . . .     SeeInvis .     y - +9 staff of Olgreb {rPois}
rCold  . . .     Gourm    .     D - +2 robe {MR+}
rNeg   . . .     Faith    .     (no shield)
rPois  ∞         Spirit   .     (no helmet)
rElec  .         Dismiss  .     C - +0 cloak
rCorr  .         Reflect  +     (no gloves)
MR     +....     Harm     .     (no barding)
Stlth  +.........               u - +2 amulet of reflection
                                (no ring)
                                v - +1 ring of slaying

@: very quick
A: fangs 1, hooves 3, deformed body, speed 2, tough skin 3, weak 1
a: no special abilities


You were on level 7 of the Dungeon.
You were not hungry.

You visited 1 branch of the dungeon, and saw 7 of its levels.

You collected 254 gold pieces.

Inventory:

Hand Weapons
 q - a +0 halberd
 s - a +0 shortbow
 y - the +9 staff of Olgreb (weapon) {rPois}
   (You found it on level 5 of the Dungeon)

   It protects you from poison.
Missiles
 r - 116 arrows
Armour
 C - a +0 cloak (worn)
 D - a +2 robe of magic resistance (worn)
Jewellery
 u - a +2 amulet of reflection (around neck)
 v - a +1 ring of slaying (left hand)
 x - an uncursed ring of ice
 A - an uncursed ring of fire
 B - an uncursed ring of wizardry {unknown}
Wands
 h - a wand of digging (16/24)
 t - a wand of acid (8/15)
 w - a wand of paralysis (17/24)
Scrolls
 d - 3 scrolls of remove curse {unknown}
 e - a scroll of amnesia {unknown}
 f - 2 scrolls of enchant armour {unknown}
 g - 2 scrolls of noise {unknown}
 k - 5 scrolls of teleportation {unknown}
 l - 2 scrolls of random uselessness {unknown}
 m - a scroll of blinking {unknown}
 n - a scroll of enchant weapon {unknown}
 o - a scroll of immolation {unknown}
 p - 6 scrolls of identify {unknown}
 z - a scroll of magic mapping {unknown}
 E - a scroll of fear {unknown}
Potions
 a - a potion of ambrosia {unknown}
 i - a potion of curing
 j - a potion of heal wounds
Books
 b - a book of Air

   Spells                             Type                      Level
   a - Shock                          Conjuration/Air              1
   b - Swiftness                      Charms/Air                   2
   c - Repel Missiles                 Charms/Air                   2
   d - Static Discharge               Conjuration/Air              3
   e - Lightning Bolt                 Conjuration/Air              5
Comestibles
 c - 4 bread rations


   Skills:
 - Level 3.7 Fighting
 + Level 10.8 Polearms
 + Level 4.7 Bows
 - Level 2.6 Dodging
 - Level 1.2 Stealth
 - Level 1.5 Spellcasting
 - Level 0.8 Conjurations
 - Level 2.6 Air Magic


You had 10 spell levels left.
You knew the following spells:

 Your Spells              Type           Power        Failure   Level  Hunger
a - Shock                 Conj/Air       #...         14%         1    ##.....


Dungeon Overview and Level Annotations

Branches:
Dungeon (7/15)
 Temple: D:4-7

Altars:


Innate Abilities, Weirdness & Mutations

You have hooves in place of feet.
Armour fits poorly on your strangely shaped body.
You cover ground very quickly.
You have extremely tough skin. (AC +3)
You have very sharp teeth.
You are weak. (Str -2)


Message History

The gnoll hits you from afar with a spear.
* * * LOW HITPOINT WARNING * * *
You tear a large gash into the net.
The gnoll completely misses you. The gnoll hits you but does no damage.
You shred the net and break free! The gnoll closely misses you.
You block the gnoll's attack.
Unknown command.
The gnoll throws a throwing net.
The throwing net hits you.
You become entangled in the net!
You see here a throwing net.
You struggle against the net.
You tear a large gash into the net.
The gnoll hits you but does no damage. The gnoll hits you with a whip!
* * * LOW HITPOINT WARNING * * *
The gnoll hits you from afar with a spear!
* * * LOW HITPOINT WARNING * * *
You shred the net and break free! The gnoll barely misses you.
The gnoll hits you but does no damage.
The gnoll hits you from afar with a spear!
You die...

...#.#...##..##...p ..
.....##..........p# ###..
##### #.##.........
.....########........>...
......................#.
.......###..#....<.....
###.#...###.#..#.....###
#.....g.......##.....#
#.#....gg@...#### #....#
.....>..g..### ....#
...........# ....#
........#### ......###
######


You could see 4 gnolls.

Vanquished Creatures
  Pikel (D:6)
  A hippogriff (D:7)
  The ghost of plsesad the Changer, an amateur NaTm (D:4)
  A hungry ghost (D:7)
  Menkaure (D:7)
  An orc warrior (D:6)
  3 sky beasts
  A centaur (D:7)
  An ogre (D:4)
  A bullfrog (D:6)
  5 scorpions
  2 howler monkeys
  A centaur zombie (D:5)
  A crimson imp (D:5)
  A bullfrog zombie (D:7)
  2 hounds (D:4)
  2 jellies
  2 bullfrog skeletons
  5 orc priests
  9 orc wizards
  Jessica (D:3)
  5 worker ants
  2 worker ant zombies
  7 gnolls
  A howler monkey skeleton (D:5)
  13 adders
  An ooze (D:5)
  2 adder skeletons
  An adder zombie (D:6)
  4 worms
  7 leopard geckos
  41 orcs
  3 giant cockroaches
  8 hobgoblins
  10 jackals
  7 quokkas
  4 bats
  3 frilled lizards
  10 goblins
  A jackal skeleton (D:4)
  9 kobolds
  6 rats
188 creatures vanquished.

Vanquished Creatures (others)
  A bat (D:1)
  A frilled lizard (D:1)
  A rat (D:1)
3 creatures vanquished.

Grand Total: 191 creatures vanquished

Notes
Turn   | Place    | Note
-------+----------+-------------------------------------------
     0 | D:1      | Eucla the Centaur Air Elementalist began the quest for the Orb.
     0 | D:1      | Reached XP level 1. HP: 14/14 MP: 3/3
   144 | D:1      | Reached skill level 1 in Fighting
   423 | D:1      | Reached XP level 2. HP: 19/23 MP: 4/4
   857 | D:1      | HP: 1/24 [hobgoblin/club (2)]
  1130 | D:2      | Reached XP level 3. HP: 10/29 MP: 5/5
  1760 | D:2      | Reached XP level 4. HP: 19/37 MP: 6/6
  3020 | D:3      | Reached skill level 1 in Polearms
  3046 | D:3      | Noticed Jessica
  3058 | D:3      | Killed Jessica
  3058 | D:3      | Reached XP level 5. HP: 10/45 MP: 7/7
  4131 | D:4      | Reached skill level 2 in Polearms
  4472 | D:4      | Reached XP level 6. HP: 32/52 MP: 8/8
  4531 | D:4      | Reached skill level 3 in Polearms
  4566 | D:4      | Reached skill level 4 in Polearms
  4872 | D:4      | Reached XP level 7. HP: 7/58 MP: 9/9
  5276 | D:4      | Reached skill level 5 in Polearms
  6048 | D:4      | Noticed plsesad's ghost (amateur NaTm)
  6065 | D:4      | Killed plsesad's ghost
  6065 | D:4      | Reached skill level 6 in Polearms
  6174 | D:5      | Entered Level 5 of the Dungeon
  6422 | D:5      | Reached skill level 7 in Polearms
  6422 | D:5      | Reached XP level 8. HP: 49/66 MP: 10/10
  7423 | D:5      | Reached skill level 8 in Polearms
  7955 | D:6      | Reached skill level 9 in Polearms
  8492 | D:7      | Noticed a hippogriff
  8523 | D:7      | Reached XP level 9. HP: 34/71 MP: 11/11
  8548 | D:7      | Reached skill level 10 in Polearms
  8570 | D:7      | Gained mutation: You have very sharp teeth. [mutagenic meat]
  8573 | D:7      | Gained mutation: You occasionally shout uncontrollably at your foes. [mutagenic meat]
  8579 | D:7      | Gained mutation: You are weak. (Str -2) [mutagenic meat]
  8582 | D:7      | Lost mutation: You occasionally shout uncontrollably at your foes. [mutagenic meat]
  8908 | D:7      | Noticed Menkaure
  8917 | D:7      | Killed Menkaure
  8917 | D:7      | Reached skill level 1 in Bows
  8922 | D:7      | Noticed Pikel
  9226 | D:6      | Killed Pikel
  9553 | D:7      | Slain by a gnoll

Vault maps used:
D:1:      lightli_arrival_quake, nrook_mini_backslash, lemuel_old_faithful
D:3:      uniq_jessica
D:5:      wad_crossroads, first_bread, feat_on_display
D:6:      hangedman_abyss_or_decor_passed
D:7:      uniq_menkaure, uniq_pikel

Skill      XL: |  1  2  3  4  5  6  7  8  9 |
---------------+----------------------------+-----
Fighting       | 1 2 3 |  3.7
Dodging        | 2 |  2.6
Polearms       | 1 2 4 7 9 10 | 10.8
Bows           | 4 |  4.7
Stealth        | |  1.2
Spellcasting   | |  1.5
Conjurations   | |  0.8
Air Magic      | |  2.6

Action                   |  1- 3 |  4- 6 |  7- 9 || total
-------------------------+-------+-------+-------++-------
Melee: Unarmed           |   148 |       |       ||   148
       Kick              |    39 |    31 |    78 ||   148
       Short sword       |   115 |       |       ||   115
       Spear             |    15 |    73 |       ||    88
       Trident           |       |   169 |    67 ||   236
       Halberd           |       |       |   126 ||   126
       Staff             |       |       |   221 ||   221
       Bite              |       |       |     6 ||     6
Evoke: Wand              |       |       |     2 ||     2
  Use: Potion            |     3 |     5 |     4 ||    12
  Eat: Fruit             |     2 |       |     4 ||     6
       Chunk             |     1 |     4 |    10 ||    15
       Royal jelly       |     1 |       |       ||     1
       Pizza             |       |     1 |       ||     1
       Bread ration      |       |       |     2 ||     2
       Meat ration       |       |       |     1 ||     1
Armor: Scale mail        |   185 |    88 |   100 ||   373
       Skin              |       |    15 |       ||    15
       Robe              |       |       |    61 ||    61
Dodge: Dodged            |    97 |    51 |   131 ||   279
Block: Other             |       |       |    12 ||    12
       Reflection        |       |       |     1 ||     1
